 Dungeon Crawl Stone Soup version 0.27.1-37-g7b29ead8ac (webtiles) character file.

Game seed: 6055480134132468560

5843 AarnesTheHuman the Blocker (level 11, -6/86 HPs)
             Began as a Formicid Fighter on June 5, 2023.
             Was a Follower of Yredelemnul.
             Mangled by a manticore (8 damage)
             ... on level 8 of the Dungeon.
             The game lasted 00:12:26 (10799 turns).

AarnesTheHuman the Blocker (Formicid Fighter)      Turns: 10799, Time: 00:12:27

Health: -6/86      AC: 11    Str: 23    XL:     11   Next: 7%
Magic:  14/14      EV: 14    Int:  9    God:    Yredelemnul [*.....]
Gold:   365        SH: 12    Dex: 10    Spells: 10/10 levels left

rFire    . . .     SeeInvis +   a - +3 morningstar (flame)
rCold    . . .     Faith    .   c - +1 kite shield
rNeg     . . .     Spirit   .   k - +0 scale mail
rPois    +         Reflect  .   (helmet unavailable)
rElec    .         Harm     .   (no cloak)
rCorr    .         Rampage  .   v - +0 pair of gloves
Will     +....                  q - +0 pair of boots
Stlth    ..........             (no amulet)
HPRegen  0.24/turn              o - +4 ring of evasion
MPRegen  0.14/turn              r - ring of poison resistance

@: no status effects
A: permanent stasis, dig shafts and tunnels, antennae 3, four strong arms
a: Dig, Shaft Self, Renounce Religion, Animate Remains


You were on level 8 of the Dungeon.
You worshipped Yredelemnul.
Yredelemnul was aware of your devotion.
You visited 2 branches of the dungeon, and saw 9 of its levels.

You collected 365 gold pieces.

Inventory:

Hand Weapons
 a - a +3 morningstar of flaming (weapon)
 b - a +1 dagger of venom
 i - a +3 whip
 n - a +0 trident
 w - a +0 halberd of electrocution
Missiles
 e - 204 stones
 f - 23 poisoned darts (quivered)
 j - 2 curare-tipped darts
Armour
 c - a +1 kite shield (worn)
 k - a +0 scale mail (worn)
 q - a +0 pair of boots (worn)
 v - a +0 pair of gloves (worn)
Jewellery
 o - a +4 ring of evasion (left hand)
 r - a ring of poison resistance (right hand)
 u - a +6 ring of strength
 C - a +6 ring of dexterity
 F - an amulet of magic regeneration
Wands
 x - a wand of charming (6)
 B - a wand of paralysis (9)
 D - a wand of iceblast (11)
Scrolls
 l - 2 scrolls of teleportation
 p - 2 scrolls of magic mapping
 y - 2 scrolls of identify
 z - a scroll of silence
Potions
 d - a potion of might
 g - 2 potions of resistance
 h - 2 potions of berserk rage {unknown}
 m - 6 potions of curing
 s - 4 potions of flight {unknown}
 t - 2 potions of invisibility {unknown}
 A - 4 potions of mutation {unknown}
 H - a potion of degeneration {unknown}


   Skills:
 - Level 8.0 Fighting
 + Level 7.6 Maces & Flails
 - Level 5.9 Polearms
 - Level 9.0 Armour
 - Level 9.0 Shields
 + Level 4.3 Invocations


You had 10 spell levels left.
You didn't know any spells.
Your spell library contained the following spells:

 Spells                   Type           Power      Damage    Failure   Level
 Passwall                 Tmut/Erth      0%         N/A       80%         2
 Sublimation of Blood     Necr           0%         N/A       80%         2
 Wereblood                Tmut           0%         N/A       80%         2
 Gell's Gravitas          Tloc           0%         N/A       95%         3
 Ignite Poison            Fire/Tmut/Pois 0%         N/A       95%         3
 Lesser Beckoning         Tloc           0%         N/A       95%         3
 Mephitic Cloud           Conj/Pois/Air  0%         N/A       95%         3
 Teleport Other           Tloc           0%         N/A       95%         3
 Bolt of Magma            Conj/Fire/Erth 0%         4d4       100%        5
 Dispersal                Tloc           0%         N/A       100%        6
 Invisibility             Hex            0%         N/A       100%        6
 Summon Hydra             Summ           0%         N/A       100%        7
 Disjunction              Tloc           0%         N/A       100%        8
 Swiftness                Air            Unusable   N/A       N/A         3

Dungeon Overview and Level Annotations

Branches:
Dungeon (8/15)             Temple (1/1) D:7
   Lair: D:8-11

Altars:
Ashenzari
Cheibriados
Dithmenos
Elyvilon
Fedhas
Gozag
Hepliaklqana
Kikubaaqudgha
Nemelex Xobeh
Okawaru
Qazlal
Ru
Sif Muna
Trog
Uskayaw
Wu Jian
Xom
Yredelemnul
The Shining One

Shops:
D:4 (   D:5 *

Annotations:
D:1 exclusion: downstairs
D:3 1 runed translucent door, exclusion: downstairs, peterlawrence's ghost, amateur MiFi
D:4 1 runed translucent door, nukerie's ghost, amateur MiBe


Innate Abilities, Weirdness & Mutations

You cannot be hasted, slowed, berserked, paralysed or teleported.
You can dig through walls and to a lower floor.
You have a pair of large antennae on your head. (SInv)
Your four strong arms can wield two-handed weapons with a shield.


Message History

The manticore flicks its tail.
The volley of spikes hits you!
The barbed spikes become lodged in your body.
The manticore bites your black bear zombie!!
Your black bear zombie is destroyed!
The manticore flicks its tail.
The volley of spikes misses you.
You barely miss the manticore. The manticore bites you!
The manticore closely misses you. The manticore barely misses you.
You hit the manticore. You burn the manticore.
The manticore is lightly wounded.
The manticore bites you but does no damage.
The manticore closely misses you. You block the manticore's attack.
You barely miss the manticore.
The manticore is lightly wounded.
You block the manticore's attack. x2; The manticore closely misses you.
You puncture the manticore! You burn the manticore.
The manticore is heavily wounded.
The manticore bites you but does no damage.
The manticore claws you! The manticore claws you.
You hit the manticore but do no damage.
The manticore is heavily wounded.
The manticore bites you!!
* * * LOW HITPOINT WARNING * * *
The manticore misses you. The manticore claws you.
* * * LOW HITPOINT WARNING * * *
You hit the manticore. You burn the manticore.
The manticore is heavily wounded.
You carefully extract the barbed spikes from your body.
You block the manticore's attack. x2; The manticore claws you!
* * * LOW HITPOINT WARNING * * *
You hit the manticore. You burn the manticore.
The manticore is severely wounded.
You block the manticore's attack. The manticore claws you!
* * * LOW HITPOINT WARNING * * *
The manticore claws you.
* * * LOW HITPOINT WARNING * * *
You block the manticore's attack. The manticore claws you!
You die...
Your body rises from the dead as a mindless zombie.

♣♣P.♣ ♣♣.♣♣ ### ♣♣.♣
..#### ♣..♣ ##....
#..♣♣♣ #...#
##...### #..####
###...#
##.H..####### ###.#
###@.......######...
########........##
##########


You could see a manticore.

Vanquished Creatures
  Sigmund (D:6)
  7 yaks
  A wyvern (D:8)
  Eustachio (D:5)
  A hog (D:8)
  Menkaure (D:6)
  Duvessa (D:4)
  2 water moccasins
  3 black bears
  2 ice beasts (D:5)
  A sky beast (D:5)
  A necrophage (D:8)
  A hornet zombie (D:6)
  4 ogres
  2 centaurs
  A phantom (D:4)
  Blork the orc (D:5)
  9 bullfrogs
  5 scorpions
  Dowan (D:4)
  A water moccasin zombie (D:6)
  A wyvern skeleton (D:6)
  A howler monkey (D:5)
  4 wights (D:7)
  An electric eel (D:8)
  7 crimson imps (D:7)
  A bullfrog zombie (D:6)
  A centaur zombie (D:8)
  3 bullfrog skeletons
  3 hounds
  A centaur skeleton (D:7)
  3 jellies
  A gnoll shaman (D:8)
  Jessica (D:2)
  5 iguanas
  An orc wizard (D:4)
  A scorpion zombie (D:5)
  Ijyb (D:5)
  A mummy (D:5)
  Robin (D:2)
  A howler monkey zombie (D:7)
  8 gnolls
  10 adders
  2 white imps (D:7)
  An adder zombie (D:5)
  2 dart slugs
  6 orcs
  10 ball pythons
  7 endoplasms
  4 giant cockroaches
  12 goblins
  12 hobgoblins
  3 jackals (D:2)
  7 kobolds
  4 quokkas
  8 bats
  2 frilled lizards
  8 rats
192 creatures vanquished.

Vanquished Creatures (others)
  A black bear zombie (D:8)
  3 bullfrog zombies (D:8)
  44 plants (D:8)
48 creatures vanquished.

Grand Total: 240 creatures vanquished

Notes
Turn   | Place    | Note
-------+----------+-------------------------------------------
     0 | D:1      | AarnesTheHuman the Formicid Fighter began the quest for the
                  | Orb.
     0 | D:1      | Reached XP level 1. HP: 18/18 MP: 1/1
   140 | D:1      | Reached XP level 2. HP: 24/24 MP: 2/2
   477 | D:1      | Reached XP level 3. HP: 29/29 MP: 3/3
   675 | D:1      | Found a faded altar of an unknown god.
  1125 | D:2      | Reached XP level 4. HP: 36/37 MP: 4/4
  1637 | D:2      | Reached XP level 5. HP: 35/42 MP: 5/5
  1706 | D:2      | Noticed Robin
  1723 | D:2      | Killed Robin
  1999 | D:2      | Noticed Jessica
  2004 | D:2      | Killed Jessica
  2250 | D:2      | Reached XP level 6. HP: 46/49 MP: 6/6
  2428 | D:3      | Found a stormy altar of Qazlal.
  2572 | D:3      | Found an iron altar of Okawaru.
  2685 | D:3      | Found a runed translucent door.
  2688 | D:3      | Noticed peterlawrence's ghost (amateur MiFi)
  3184 | D:4      | Reached skill level 5 in Shields
  3244 | D:4      | Noticed Duvessa
  3370 | D:4      | Killed Duvessa
  3371 | D:4      | Reached skill level 5 in Fighting
  3371 | D:4      | Reached skill level 5 in Armour
  3371 | D:4      | Reached XP level 7. HP: 36/56 MP: 7/7
  3491 | D:4      | Noticed Dowan
  3504 | D:4      | Killed Dowan
  3692 | D:4      | Found Tytaweik's Weapon Shop.
  3883 | D:4      | Noticed a yak
  3883 | D:4      | Noticed a yak
  3884 | D:4      | Noticed a yak
  3884 | D:4      | Noticed a yak
  3918 | D:3      | Killed a yak
  3919 | D:3      | Reached XP level 8. HP: 18/63 MP: 8/8
  4539 | D:4      | Found a runed translucent door.
  4540 | D:4      | Noticed nukerie's ghost (amateur MiBe)
  5240 | D:4      | Killed a yak
  5241 | D:4      | Reached skill level 5 in Polearms
  5251 | D:4      | Killed a yak
  5264 | D:4      | Killed a yak
  5639 | D:4      | Found Tytaweik's Weapon Shop.
  5952 | D:5      | Entered Level 5 of the Dungeon
  6046 | D:5      | Reached XP level 9. HP: 63/71 MP: 9/9
  6359 | D:5      | Noticed Ijyb
  6507 | D:5      | Killed Ijyb
  6644 | D:5      | Found Wifuhuyw's Mayhem Merchandise.
  6832 | D:5      | Noticed Eustachio
  6857 | D:5      | Killed Eustachio
  6935 | D:5      | Found a snail-covered altar of Cheibriados.
  7030 | D:5      | Noticed Blork the orc
  7036 | D:5      | Killed Blork the orc
  7037 | D:5      | Reached skill level 1 in Maces & Flails
  7061 | D:5      | Found a broken altar of Ashenzari.
  7515 | D:6      | Noticed Sigmund
  7575 | D:6      | Killed Sigmund
  7576 | D:6      | Reached XP level 10. HP: 61/80 MP: 10/10
  7699 | D:6      | Found a shadowy altar of Dithmenos.
  7769 | D:6      | Reached skill level 5 in Maces & Flails
  8072 | D:6      | Found a white marble altar of Elyvilon.
  8295 | D:6      | Noticed Menkaure
  8300 | D:6      | Killed Menkaure
  8655 | D:7      | Found a staircase to the Ecumenical Temple.
  8679 | Temple   | Entered the Ecumenical Temple
  9061 | Temple   | Became a worshipper of Yredelemnul the Dark
  9131 | D:7      | Found a sacrificial altar of Ru.
  9131 | D:7      | Found an ornate altar of the Wu Jian Council.
  9133 | D:7      | Found a sparkling altar of Nemelex Xobeh.
  9133 | D:7      | Found a bloodstained altar of Trog.
  9389 | D:7      | Reached skill level 1 in Invocations
 10008 | D:8      | Reached * piety under Yredelemnul
 10176 | D:8      | Reached XP level 11. HP: 77/86 MP: 13/13
 10784 | D:8      | Noticed a manticore
 10799 | D:8      | HP: 2/86 [manticore (3)]
 10799 | D:8      | Mangled by a manticore

Illustrated notes

Levels and vault maps discovered:
D:1:      psy_arrival_heroes, layout_basic,
          shapermc_ecumenical_altar_starsandcircs, serial_corexii_hall,
          corexii_hall_statues_i, chequers_hall_statues_corner_a
D:2:      layout_basic, uniq_jessica, uniq_robin
D:3:      layout_loops_ring, overflow_temple_1_default,
          nicolae_qazlal_general_emergency, ebering_ghost_sewer_d,
          serial_forest, infiniplex_forest_zigzag_1,
          infiniplex_forest_straight_2, infiniplex_forest_lined_ring,
          infiniplex_forest_lined_3, infiniplex_forest_straight_2,
          infiniplex_forest_lined_room_2, chequers_jeans
D:4:      layout_basic, ebering_ghost_inner_flame, serial_shops,
          nicolae_shop_stone, uniq_duvessa
D:5:      layout_loops_ring, general_overflow_altar, slow_altar_1,
          minmay_shop_mayhem, minmay_hedge_maze, minmay_chambers_of_fives,
          uniq_eustachio, uniq_ijyb, uniq_blork_the_orc
D:6:      layout_loops_ring, nicolae_dithmenos_shadow_blocks,
          mainiacjoe_overflow_alcove_2, uniq_sigmund, uniq_menkaure
D:7:      layout_basic, mainiacjoe_overflow_alcove_3,
          minmay_temple_entry_steel_oval, minmay_tree_intersection,
          minmay_nine_imps
D:8:      kennysheep_town, uniq_prince_ribbit1
Temple:   jpeg_temple_island

Skill      XL: |  1  2  3  4  5  6  7  8  9 10 11 |
---------------+----------------------------------+-----
Shields        | 4 5 6 7 9 |  9.0
Fighting       | 4 5 6 8 |  8.0
Armour         | 4 5 6 7 9 |  9.0
Polearms       | 3 4 5 |  5.9
Maces & Flails | 3 7 |  7.6
Invocations    | 3 4 |  4.3

Action                   |  1- 3 |  4- 6 |  7- 9 | 10-12 || total
-------------------------+-------+-------+-------+-------++-------
Melee: Trident           |    90 |    13 |       |       ||   103
       Halberd           |       |   216 |   139 |       ||   355
       Dagger            |       |       |    65 |       ||    65
       Morningstar       |       |       |    89 |   212 ||   301
Throw: Dart              |       |     2 |     2 |       ||     4
Invok: Animate Remains   |       |       |       |     4 ||     4
 Abil: Dig               |     3 |       |     1 |       ||     4
  Use: Scroll            |       |     5 |     1 |     5 ||    11
Armor: Scale mail        |    26 |    88 |    82 |    55 ||   251
Dodge: Dodged            |    26 |   130 |   133 |   121 ||   410
Block: Kite shield       |    37 |   146 |   146 |   123 ||   452
